 Dungeon Crawl Stone Soup version 0.13-a0-1536-gedae9ec (webtiles) character file.

401 Kae the Sneak (level 5, -1/24 HPs)
             Began as a Spriggan Enchanter on June 9, 2013.
             Slain by Grinder (5 damage)
             ... while paralysed by Grinder
             ... on Level 3 of the Dungeon.
             The game lasted 00:07:15 (3653 turns).

Kae the Sneak (Spriggan Enchanter)                  Turns: 3653, Time: 00:07:15

HP  -1/24        AC  4     Str  5      XL: 5   Next: 60%
MP   7/15        EV  4     Int 17      God:
Gold 186         SH  0     Dex 16      Spells:  3 memorised,  4 levels left

Res.Fire  : . . .   See Invis. : +   a - +4,+0 dagger {=f}
Res.Cold  : . . .   Warding    : .   b - +2 robe
Life Prot.: . . .   Conserve   : .   (shield restricted)
Res.Poison: .       Res.Corr.  : .   (helmet restricted)
Res.Elec. : .       Clarity    : .   (no cloak)
Sust.Abil.: . .     Spirit.Shd : .   (gloves unavailable)
Res.Mut.  : .       Stasis     : .   (boots unavailable)
Res.Rott. : .       Flight     : .   (no amulet)
Saprovore : . . .                    (no ring)
                                     (no ring)

@: paralysed, very slightly contaminated, very quick, somewhat resistant to
hostile enchantments, quite stealthy
A: unfitting armour, see invisible, herbivore 3, speed 3, slow metabolism 2
a: no special abilities


You were on level 3 of the Dungeon.
You were not hungry.

You visited 1 branch of the dungeon, and saw 4 of its levels.

You collected 166 gold pieces.

Inventory:

Hand weapons
 a - a +4,+0 dagger (weapon) {=f}
Missiles
 d - 12 darts (quivered)
Armour
 b - a +2 robe (worn)
Comestibles
 g - 2 meat rations
 i - 4 bread rations
 o - a choko
 p - a banana
Scrolls
 q - a scroll of recharging {unknown}
Potions
 h - 2 potions of restore abilities
 k - 2 potions of agility
 l - a potion of magic {unknown}
 n - a potion of brilliance {unknown}
 t - a potion of speed {unknown}
 w - a potion of heal wounds {unknown}
 z - 2 potions of curing {unknown}
Books
 c - a book of Maledictions

   Spells                             Type                      Level
   *Corona                            Hexes                        1
   Sure Blade                         Hexes/Charms                 2
   *Ensorcelled Hibernation           Hexes/Ice                    2
   *Confuse                           Hexes                        3
   Enslavement                        Hexes                        4
   Invisibility                       Hexes                        6


   Skills:
 * Level 3.8 Short Blades
 - Level 1.1 Throwing
 - Level 3.0 Dodging
 + Level 5.0 Stealth
 + Level 3.0 Spellcasting
 + Level 4.8 Hexes


You had 4 spell levels left.
You knew the following spells:

 Your Spells              Type           Power        Failure   Level  Hunger
a - Corona                Hex            ###....      2%          1    None
b - Ensorcelled Hibernat  Hex/Ice        ##....       12%         2    ##.....
c - Confuse               Hex            ###.....     10%         3    ###....


Dungeon Overview and Level Annotations

Branches:
Dungeon (4/27)
 Temple: D:4-7

Altars:
Cheibriados
Elyvilon
Makhleb
Jiyva

Annotations
D:3 Grinder


Innate Abilities, Weirdness & Mutations

You are tiny and cannot use many weapons and most armour.
You have supernaturally acute eyesight.
You are a herbivore.
You cover ground extremely quickly.
You need consume almost no food.


Message History

There is a stone staircase leading up here.
Casting: Confuse
Confirm with . or Enter, or press ? or * to list all spells.
Aiming: Confuse
Press: ? - help, Shift-Dir - straight line, f/p - Grinder
Aim: Grinder (severely wounded)
You miscast Confuse.
You are very lightly contaminated with residual magic.
Grinder gestures at you. You resist.
You climb upwards.
There is a stone staircase leading down here.
Unknown command.
Unknown command.
Unknown command.
Grinder gestures at you.
You suddenly lose the ability to move!
Grinder says, "There's only one good use for a tongue: cutting it out."
Grinder hits you.
You die...

##.## ######## .#.# #.P.≈P.#
...# #.≈≈≈≈.# .###
#######P.≈≈≈.### (#
#.....#..≈≈≈...# .#
#.....#.≈≈≈≈...#### .##
#......PP.≈.......##### ..##
#.....#........#......#
.#.####........5@....#..###.#
###.......#.#.....####..###.#
.#..#####...##...## #....#(#
#......##..###..## #.##.#.#
#..........##..## #.##.#.#
#..........##.##### #......#
#......#..........# ##....###
..................###.......#
.#..#..#..........##...>....#


You could see Grinder.

Vanquished Creatures
  An ogre skeleton (D:3)
  Jessica (D:2)
  4 jellies (D:2)
  5 adders
  A giant gecko (D:3)
  4 oozes
  5 orcs (D:3)
  2 goblins
  6 hobgoblins
  A quokka (D:2)
  8 bats
  A giant cockroach (D:2)
  3 giant newts
  A giant newt skeleton (D:3)
  2 goblin zombies (D:3)
  7 kobolds
  A kobold skeleton (D:3)
  An orc skeleton (D:3)
  8 rats
62 creatures vanquished.

Vanquished Creatures (others)
  A toadstool (D:2)
1 creature vanquished.

Grand Total: 63 creatures vanquished

Notes
Turn   | Place    | Note
--------------------------------------------------------------
     0 | D:1      | Kae, the Spriggan Enchanter, began the quest for the Orb.
     0 | D:1      | Reached XP level 1. HP: 9/9 MP: 4/4
   719 | D:1      | Reached XP level 2. HP: 13/13 MP: 6/6
   724 | D:1      | Learned a level 2 spell: Ensorcelled Hibernation
  1262 | D:2      | Reached XP level 3. HP: 7/16 MP: 0/9
  1284 | D:2      | Reached skill level 4 in Hexes
  1515 | D:2      | Reached XP level 4. HP: 21/21 MP: 6/12
  1736 | D:2      | Found a viscous altar of Jiyva.
  1983 | D:2      | Found a white marble altar of Elyvilon.
  2187 | D:2      | Found a burning altar of Makhleb.
  2246 | D:2      | Noticed Jessica
  2250 | D:2      | Killed Jessica
  2250 | D:2      | Reached XP level 5. HP: 22/24 MP: 6/15
  2661 | D:3      | Found a snail-covered altar of Cheibriados.
  2754 | D:3      | Learned a level 3 spell: Confuse
  3580 | D:4      | Noticed Grinder
  3609 | D:3      | Reached skill level 5 in Stealth
  3651 | D:3      | Paralysed by Grinder for 5 turns
  3653 | D:3      | Slain by Grinder

Action                   |  1- 3 |  4- 6 || total
-------------------------+-------+-------++-------
Melee: Dagger            |    67 |   125 ||   192
Throw: Dart              |    13 |     1 ||    14
 Cast: Ensorcelled Hiber |     9 |    26 ||    35
       Confuse           |       |    12 ||    12
  Use: Scroll            |       |    14 ||    14
       Potion            |       |     1 ||     1
 Stab: Sleeping          |     8 |    26 ||    34
       Confused          |       |     1 ||     1
